 Dungeon Crawl Stone Soup version 0.23-a0-61-g4bf3f6c (console) character file.

171047 nht the Brawler (level 17, -1/172 HPs)
             Began as a Troll Fighter on Aug 9, 2018.
             Was the Champion of Qazlal.
             Succumbed to an emperor scorpion's poison
             ... on level 4 of the Spider Nest.
             The game lasted 00:59:31 (24890 turns).

nht the Brawler (Troll Fighter)                    Turns: 24890, Time: 00:59:31

Health: -1/172     AC: 30    Str: 33 (34) XL:     17   Next: 38%
Magic:  4/24       EV:  3    Int:  7      God:    Qazlal [******]
Gold:   846        SH: 30    Dex:  8 (9)  Spells: 16/16 levels left

rFire    + . .     SeeInvis +     - Unarmed
rCold    + . .     Gourm    +   w - +1 large shield {rN+}
rNeg     + . .     Faith    .   X - +1 gold dragon scales
rPois    +         Spirit   .   o - +2 hat {SInv}
rElec    .         Reflect  +   (no cloak)
rCorr    .         Harm     .   (gloves unavailable)
MR       +....                  (boots unavailable)
Stlth    ..........             e - +2 amulet of reflection
HPRegen  0.78/turn              q - +4 ring of strength
MPRegen  0.19/turn              m - +3 ring of protection

@: lethally poisoned (-1 -> -17), protected from physical damage, berserk
cooldown, slowed, repel missiles, very slow
A: large, unfitting armour, claws 3, fast metabolism 3, gourmand, regeneration
1, shaggy fur 1, tough skin 2
a: Upheaval, Elemental Force, Disaster Area, Renounce Religion


You were on level 4 of the Spider Nest.
You worshipped Qazlal.
Qazlal was exalted by your worship.
You were very full.

You visited 5 branches of the dungeon, and saw 28 of its levels.
You also visited: Ossuary and Ice Cave.

You collected 3116 gold pieces.
You spent 2270 gold pieces at shops.

Inventory:

Hand Weapons
 s - a +6 blowgun
Missiles
 i - a throwing net
 E - 44 tomahawks (quivered)
 F - 26 large rocks
 L - 41 poisoned needles
 M - 7 curare-tipped needles
 R - 11 javelins
 S - 2 exploding tomahawks
 Z - 4 poisoned tomahawks
Armour
 o - a +2 hat of see invisible (worn)
 w - a +1 large shield of positive energy (worn)
 A - +0 acid dragon scales
 X - +1 gold dragon scales (worn)
Jewellery
 e - a +2 amulet of reflection (around neck)
 m - a +3 ring of protection (right claw)
 q - a +4 ring of strength (left claw)
Wands
 p - a wand of random effects (35)
 u - a wand of enslavement (27)
 G - a wand of digging (37)
 O - a wand of paralysis (21)
 Q - a wand of polymorph (6)
 V - a wand of iceblast (13)
Scrolls
 b - a scroll of torment
 g - 7 scrolls of remove curse
 k - 5 scrolls of teleportation
 n - 13 scrolls of amnesia
 y - 4 scrolls of enchant armour
 D - 2 scrolls of blinking
 H - 6 scrolls of immolation
 I - 4 scrolls of enchant weapon
 K - 2 scrolls of magic mapping
 P - 11 scrolls of identify
 T - a scroll of summoning
 U - 4 scrolls of fog
Potions
 a - 2 potions of invisibility
 c - 5 potions of might
 f - 2 potions of ambrosia
 h - 12 potions of curing
 j - 7 potions of lignification
 l - 6 potions of mutation
 r - a potion of cancellation
 t - 4 potions of heal wounds
 v - 4 potions of brilliance
 z - 3 potions of agility
 B - 3 potions of haste
 C - a potion of magic
 J - 2 potions of berserk rage
 N - a potion of flight
Miscellaneous
 x - a lamp of fire (inert)
Comestibles
 d - 51 rations


   Skills:
 + Level 11.6 Fighting
 * Level 7.6 Throwing
 + Level 11.2 Armour
 - Level 2.4 Dodging
 + Level 10.1 Shields
 * Level 18.1 Unarmed Combat
 + Level 10.6 Invocations


You had 16 spell levels left.
You didn't know any spells.
Your spell library contained the following spells:

 Spells                   Type           Power        Failure   Level  Hunger
 Cause Fear               Hex            #.........   100%        4    #####..
 Fireball                 Conj/Fire      #.........   100%        5    ######.
 Conjure Flame            Conj/Fire      #.......     100%        3    ####...
 Bolt of Cold             Conj/Ice       #.........   100%        6    #######
 Slow                     Hex            #.......     100%        2    ###....
 Throw Flame              Conj/Fire      #.....       100%        2    ###....
 Freezing Cloud           Conj/Ice/Air   #.........   100%        6    #######
 Mephitic Cloud           Conj/Pois/Air  #.......     100%        3    ####...
 Venom Bolt               Conj/Pois      #.........   100%        5    ######.
 Olgreb's Toxic Radiance  Pois           #.......     100%        4    #####..
 Teleport Other           Tloc           #.......     100%        3    ####...
 Summon Small Mammal      Summ           #...         100%        1    ##.....
 Blink                    Tloc           N/A          100%        2    ###....
 Ozocubu's Refrigeration  Ice            #.........   100%        6    #######
 Sticky Flame             Conj/Fire      #.......     100%        4    #####..
 Summon Ice Beast         Ice/Summ       #.......     100%        4    #####..
 Call Imp                 Summ           #.......     100%        2    ###....
 Sting                    Conj/Pois      #...         100%        1    ##.....
 Statue Form              Tmut/Erth      #........    100%        6    #######
 Ice Form                 Ice/Tmut       #.......     100%        4    #####..
 Dragon Form              Tmut           #.........   100%        7    #######
 Flame Tongue             Conj/Fire      #....        100%        1    ##.....
 Call Canine Familiar     Summ           #.......     100%        3    ####...
 Metabolic Englaciation   Hex/Ice        #.........   100%        5    ######.
 Summon Butterflies       Summ           #.......     100%        1    ##.....
 Corona                   Hex            #......      100%        1    ##.....
 Simulacrum               Ice/Necr       #.........   100%        6    #######
 Portal Projectile        Hex/Tloc       #.....       100%        3    ####...
 Passage of Golubria      Tloc           N/A          100%        4    #####..
 Leda's Liquefaction      Hex/Erth       #.........   100%        4    #####..
 Summon Hydra             Summ           #.........   100%        7    #######
 Shroud of Golubria       Chrm/Tloc      #.........   100%        2    ###....
 Inner Flame              Hex/Fire       #.......     100%        3    ####...
 Summon Lightning Spire   Summ/Air       #.......     100%        4    #####..
 Summon Guardian Golem    Hex/Summ       #.......     100%        3    ####...
 Summon Mana Viper        Hex/Summ       #.......     100%        5    ######.
 Hydra Form               Tmut           #.........   100%        6    #######
 Irradiate                Conj/Tmut      #.........   100%        5    ######.
 Gell's Gravitas          Tloc           #.........   100%        3    ####...
 Lesser Beckoning         Tloc           #.........   100%        3    ####...
 Poisonous Vapours        Pois/Air       #.....       100%        2    ###....


Dungeon Overview and Level Annotations

Branches:
Dungeon (15/15)            Temple (1/1) D:7            Lair (6/6) D:8
 Shoals (0/4) Lair:2       Spider (4/4) Lair:2        Slime (0/5) Lair:5
    Orc (2/2) D:10            Elf (0/3) Orc:2        Vaults (0/5) D:14
 Depths (0/5) D:15

Altars:
Ashenzari
Cheibriados
Dithmenos
Elyvilon
Fedhas
Gozag
Hepliaklqana
Kikubaaqudgha
Makhleb
Nemelex Xobeh
Okawaru
Qazlal
Ru
Sif Muna
Trog
Uskayaw
Vehumet
Wu Jian
Xom
Yredelemnul
Zin
The Shining One

Shops:
D:6 %   D:7 (%   D:8 (   Orc:2 :*[(

Annotations:
D:4 3 runed doors, Nib's ghost, amateur GnNe; azzavlup's ghost, amateur MfSk; tilp's ghost, amateur MfIE


Innate Abilities, Weirdness & Mutations

You are too large for most types of armour.
You have claws for hands.
Your metabolism is lightning-fast.
You like to eat raw meat.
Your natural rate of healing is unusually fast.
You are covered in fur. (AC +1)
You have very tough skin. (AC +2)


Message History

Press: ? - help, Shift-Dir - straight line, f/p - orb spider
Aim: an orb spider (heavily wounded, fully charged, clinging)
The mass of ice explodes!
The iceblast engulfs the orb spider.
The orb spider is severely wounded.
* * * LOW HITPOINT WARNING * * *
You feel very sick.
The orb spider weaves a glowing orb of energy.
An orb of destruction comes into view.
Unknown command.
Evoke which item? (* to show all) (? for menu, Esc to quit)
Aiming: Iceblast
Press: ? - help, Shift-Dir - straight line, f/p - orb spider
Aim: an orb spider (severely wounded, clinging)
The mass of ice explodes!
The iceblast engulfs the orb spider.
The orb spider is almost dead.
* * * LOW HITPOINT WARNING * * *
You feel very sick.
The orb of destruction reflects off an invisible shield around you!
The orb spider begins to weave its threads into a brightly glowing ball.
You die... █.██ ███ ██.██ .█.. ████

███.█████ █....
█^.███..██...█
█[..██████..██.......█
█...█.██..^█.....^███
█ █..%.█.........██ █.
█.^%█.§...%..██
█..█...s§@.....██
██.█..████.§*.^..██ █.
█..█......†§██████
..███..██......^█....█
.^█....█.......██....█
..█...^██....%.█.....█
..██....██..%..█....█
...█.s...████..†...█
....
..$█........█...^..█
...██


You could see an orb spider.

Vanquished Creatures
  Frances (D:13)
  A frost giant (IceCv)
  4 emperor scorpions
  2 ghost moths (Spider:4)
  2 entropy weavers
  Nessos (Lair:4)
  2 dire elephants
  A spark wasp (Spider:3)
  2 fire dragons
  Josephine (Lair:4)
  An ogre mage (D:15)
  A yaktaur captain (D:13)
  2 catoblepae
  Fannar (Lair:3)
  An ice dragon (Orc:1)
  A vault guard (D:14)
  9 hydras
  3 centaur warriors
  A death knight (D:15)
  7 two-headed ogres
  8 death yaks (Lair:6)
  A tengu warrior (D:14)
  Urug (Lair:6)
  5 orc high priests (Orc:2)
  Sonja (Lair:4)
  4 skeletal warriors (D:14)
  3 unseen horrors
  A wizard (D:14)
  Pikel (D:7)
  A lindwurm (Lair:6)
  3 phantasmal warriors (D:15)
  4 deep elf magi
  4 orc knights
  A faun (shapeshifter) (D:13)
  10 orb spiders
  4 orc sorcerers
  An orb spider (shapeshifter) (D:15)
  4 ugly things
  A salamander (D:15)
  24 wolf spiders
  2 oklob plants (Lair:4)
  2 elephants (Lair:4)
  2 moths of wrath (Spider:4)
  3 manticores
  3 cyclopes
  Psyche (D:9)
  2 ice statues
  6 centaur skeletons
  4 black mambas
  Maurice (Orc:2)
  6 torpor snails
  4 rime drakes
  7 spiny frogs
  A kobold demonologist (D:14)
  3 yaktaurs (D:15)
  An efreet (D:14)
  A freezing wraith (Lair:4)
  8 komodo dragons
  11 demonic crawlers
  6 trolls
  2 tengu conjurers
  26 jumping spiders
  6 meliai
  22 polar bears
  11 slime creatures
  4 tyrant leeches (Lair:6)
  12 hornets
  11 hippogriffs
  8 dream sheep
  6 blink frogs
  An acid dragon (D:11)
  A spriggan (Lair:2)
  21 tarantellas
  A shadow (D:13)
  58 redbacks
  A water elemental (D:15)
  10 wraiths
  5 wyverns
  75 yaks
  Grum (D:9)
  2 hungry ghosts
  2 vampires
  2 basilisks
  A hog (Spider:3)
  3 vampire mosquitoes (D:12)
  Edmund (D:4)
  7 wargs
  11 water moccasins
  5 porcupines
  5 ice beasts
  40 orc warriors
  3 phantoms
  4 sky beasts
  15 ogres
  A slave (D:7)
  A hornet zombie (D:14)
  17 centaurs
  An eye of draining (D:11)
  64 wolves
  14 crocodiles
  7 big kobolds
  22 bullfrogs
  A water moccasin skeleton (D:4)
  A scorpion (D:6)
  6 killer bees
  3 howler monkeys (D:8)
  6 electric eels
  A lava snake (Lair:5)
  A bullfrog zombie (Ossuary)
  6 centaur zombies
  7 crimson imps
  A quasit (D:12)
  5 hounds
  17 jellies
  29 orc priests
  A gnoll shaman (D:8)
  27 orc wizards
  2 iguanas
  Natasha (D:4)
  23 mummies (Ossuary)
  9 worker ants
  A killer bee zombie (Ossuary)
  3 hound zombies
  3 worker ant zombies
  A howler monkey skeleton (D:11)
  7 gnolls
  8 adders
  5 shadow imps
  2 white imps (Lair:4)
  An ooze (D:4)
  2 adder skeletons (D:4)
  3 adder zombies (Ossuary)
  2 worms
  3 dart slugs
  5 leopard geckos
  89 orcs
  4 bats
  A giant cockroach (D:3)
  11 goblins
  5 hobgoblins
  11 jackals
  30 kobolds
  4 quokkas
  2 ball pythons
  3 frilled lizards
  2 giant cockroach zombies
  A goblin zombie (D:8)
  2 jackal zombies (Ossuary)
  A leopard gecko skeleton (D:4)
  A quokka skeleton (D:4)
  A quokka zombie (D:8)
  4 rats
1075 creatures vanquished.

Vanquished Creatures (collateral kills)
  An orc warlord (Orc:2)
  An orc sorcerer (Orc:2)
  A troll (Orc:2)
  A redback (Spider:4)
  2 orc warriors
  A bullfrog (Lair:4)
  2 orc wizards (Orc:2)
  3 orcs
12 creatures vanquished.

Vanquished Creatures (others)
  An orc warlord (Orc:2)
  A centaur warrior (D:15)
  3 cyclopes
  A demonic crawler (Spider:4)
  A centaur (D:10)
  An orc wizard (Orc:1)
  An orc (Orc:2)
  14 fungi
  29 plants
  10 toadstools (Lair:4)
  A withered plant (D:4)
63 creatures vanquished.

Grand Total: 1150 creatures vanquished

Notes
Turn   | Place    | Note
-------+----------+-------------------------------------------
     0 | D:1      | nht the Troll Fighter began the quest for the Orb.
     0 | D:1      | Reached XP level 1. HP: 22/22 MP: 0/0
   215 | D:1      | Reached XP level 2. HP: 29/29 MP: 1/1
   723 | D:2      | Reached XP level 3. HP: 34/36 MP: 2/2
   836 | D:2      | Reached skill level 3 in Unarmed Combat
   847 | D:2      | Found a blossoming altar of Fedhas.
  1121 | D:2      | Reached XP level 4. HP: 44/44 MP: 3/3
  1423 | D:3      | Found a shattered altar of Ashenzari.
  1514 | D:3      | Noticed an ogre
  1531 | D:3      | Killed an ogre
  1531 | D:3      | Reached skill level 1 in Armour
  1531 | D:3      | Reached skill level 4 in Unarmed Combat
  1531 | D:3      | Reached XP level 5. HP: 53/53 MP: 4/4
  1693 | D:3      | Reached XP level 6. HP: 28/61 MP: 5/5
  2085 | D:4      | Found a runed gate.
  2095 | D:4      | Found a runed gate.
  2102 | D:4      | Found a runed gate.
  2106 | D:4      | Found a snail-covered altar of Cheibriados.
  2228 | D:4      | Found a basalt altar of Yredelemnul.
  2350 | D:4      | Noticed Natasha
  2357 | D:4      | Reached skill level 5 in Unarmed Combat
  2364 | D:4      | Killed Natasha
  2379 | D:4      | Found a hazy altar of Hepliaklqana.
  2420 | D:4      | Reached XP level 7. HP: 68/68 MP: 6/6
  2445 | D:4      | Noticed Edmund
  2457 | D:4      | Killed Edmund
  2699 | D:4      | Noticed tilp's ghost (amateur MfIE)
  2701 | D:4      | Noticed azzavlup's ghost (amateur MfSk)
  2701 | D:4      | Noticed Nib's ghost (amateur GnNe)
  2758 | D:5      | Entered Level 5 of the Dungeon
  2846 | D:5      | Found a glowing silver altar of Zin.
  3174 | D:5      | Reached skill level 6 in Unarmed Combat
  3420 | D:6      | Reached XP level 8. HP: 78/78 MP: 7/7
  3821 | D:6      | Found Tenenioh's Food Emporium.
  4094 | D:7      | Found Xisuxt's Food Shoppe.
  4094 | D:7      | Noticed a hippogriff
  4158 | D:7      | Killed a hippogriff
  4158 | D:7      | Reached skill level 7 in Unarmed Combat
  4177 | D:7      | Found Lajoli's Weapon Boutique.
  4274 | D:7      | Found a staircase to the Ecumenical Temple.
  4275 | D:7      | Noticed Pikel
  4288 | D:7      | Killed Pikel
  4288 | D:7      | Reached skill level 5 in Fighting
  4288 | D:7      | Reached skill level 5 in Shields
  4288 | D:7      | Reached XP level 9. HP: 81/88 MP: 8/8
  4405 | D:7      | Reached skill level 8 in Unarmed Combat
  4759 | Temple   | Entered the Ecumenical Temple
  4843 | Temple   | Became a worshipper of Qazlal Stormbringer
  4947 | D:8      | Found a staircase to the Lair.
  5071 | D:8      | Reached skill level 9 in Unarmed Combat
  5230 | D:8      | Reached * piety under Qazlal
  5274 | D:8      | Found a sand-covered staircase.
  5313 | Ossuary  | Entered an ossuary
  5329 | Ossuary  | Reached skill level 5 in Armour
  5348 | Ossuary  | Reached XP level 10. HP: 98/98 MP: 9/9
  5451 | Ossuary  | Reached ** piety under Qazlal
  5703 | D:8      | You fall through a shaft for 3 floors!
  5777 | D:11     | Noticed a white ugly thing
  5802 | D:11     | Reached skill level 10 in Unarmed Combat
  5823 | D:11     | Noticed a red ugly thing
  5858 | D:11     | Noticed a two-headed ogre
  5859 | D:11     | Killed a white ugly thing
  5864 | D:11     | Killed a white ugly thing
  5901 | D:11     | Killed a two-headed ogre
  5901 | D:11     | Reached skill level 1 in Invocations
  5903 | D:11     | Noticed a manticore
  5909 | D:11     | Killed a manticore
  5944 | D:11     | Noticed a cyclops
  5951 | D:11     | Noticed a two-headed ogre
  5985 | D:11     | Killed a two-headed ogre
  6031 | D:11     | Reached XP level 11. HP: 98/107 MP: 11/11
  6063 | D:11     | Reached skill level 11 in Unarmed Combat
  6125 | D:11     | Reached *** piety under Qazlal
  6192 | D:10     | Entered Level 10 of the Dungeon
  6399 | D:9      | Noticed Psyche
  6410 | D:9      | Killed Psyche
  6411 | D:9      | Noticed a two-headed hydra
  6420 | D:9      | Killed a two-headed hydra
  6518 | D:9      | Found a white marble altar of Elyvilon.
  6545 | D:8      | Found Olig Xof's Antique Weapon Shoppe.
  7116 | D:9      | Noticed Grum
  7145 | D:9      | Reached **** piety under Qazlal
  7150 | D:9      | Killed Grum
  7310 | Lair:1   | Entered Level 1 of the Lair of Beasts
  7556 | D:10     | Noticed an unseen horror
  7565 | D:10     | Killed an unseen horror
  7606 | D:10     | Found a staircase to the Orcish Mines.
  7631 | D:10     | Reached skill level 12 in Unarmed Combat
  8550 | Lair:1   | Reached XP level 12. HP: 101/119 MP: 14/14
  9698 | Lair:2   | Found a hole to the Spider Nest.
  9703 | Lair:2   | Reached skill level 5 in Invocations
  9721 | Lair:2   | Found a staircase to the Shoals.
  9790 | Lair:2   | Reached ***** piety under Qazlal
 10039 | Lair:2   | Reached skill level 13 in Unarmed Combat
 10448 | Lair:3   | Noticed Fannar
 10460 | Lair:3   | Killed Fannar
 10620 | Lair:3   | Noticed a five-headed hydra
 10626 | Lair:3   | Noticed a catoblepas
 10627 | Lair:3   | Killed a five-headed hydra
 10642 | Lair:3   | Killed a catoblepas
 10685 | Lair:3   | Reached XP level 13. HP: 124/128 MP: 16/16
 11362 | Lair:4   | Noticed Nessos
 11380 | Lair:4   | Killed Nessos
 11409 | Lair:4   | Noticed Josephine
 11421 | Lair:4   | Killed Josephine
 11700 | Lair:4   | Noticed Sonja
 11712 | Lair:4   | Killed Sonja
 11891 | Lair:4   | Found a runed door.
 12303 | Lair:4   | Reached skill level 14 in Unarmed Combat
 12321 | Lair:4   | Noticed a dire elephant
 12342 | Lair:4   | Killed a dire elephant
 12748 | Lair:5   | Found a staircase to the Slime Pits.
 12764 | Lair:5   | Reached ****** piety under Qazlal
 12820 | Lair:5   | Noticed a fire dragon
 12836 | Lair:5   | Killed a fire dragon
 13427 | Lair:6   | Entered Level 6 of the Lair of Beasts
 13515 | Lair:6   | Reached XP level 14. HP: 102/140 MP: 18/18
 13515 | Lair:6   | Noticed Urug
 13531 | Lair:6   | Killed Urug
 13872 | Lair:6   | Reached skill level 15 in Unarmed Combat
 13974 | Lair:6   | Found a runed door.
 14048 | Lair:6   | Paralysed by a hornet for 3 turns
 14750 | Orc:1    | Entered Level 1 of the Orcish Mines
 14789 | Orc:1    | Reached skill level 10 in Fighting
 14949 | Orc:1    | Found a frozen archway.
 14987 | IceCv    | Entered an ice cave
 15492 | IceCv    | Noticed a frost giant
 15512 | IceCv    | Killed a frost giant
 15512 | IceCv    | Reached skill level 16 in Unarmed Combat
 15512 | IceCv    | Reached XP level 15. HP: 87/150 MP: 20/20
 15910 | Orc:2    | Entered Level 2 of the Orcish Mines
 15958 | Orc:2    | Noticed Maurice
 15965 | Orc:2    | Killed Maurice
 16473 | Orc:2    | Reached skill level 10 in Armour
 16731 | Orc:2    | Found a staircase to the Elven Halls.
 16737 | Orc:2    | Noticed an orc warlord
 16741 | Orc:2    | Noticed an orc warlord
 16766 | Orc:2    | Killed an orc warlord
 16767 | Orc:2    | Killed an orc warlord
 17213 | Orc:2    | Found Xaac's Antique Armour Shop.
 17214 | Orc:2    | Found Dahyseaf's Antique Weapon Boutique.
 17215 | Orc:2    | Found Xaoc's General Store.
 17215 | Orc:2    | Found Ecoann's Book Shop.
 17219 | Orc:2    | Bought a scroll of identify for 28 gold pieces
 17219 | Orc:2    | Bought 3 scrolls of identify for 84 gold pieces
 17231 | Orc:2    | Bought shiny gold dragon scales for 2158 gold pieces
 17942 | D:12     | Identified a scroll of acquirement
 18401 | D:13     | Noticed Frances
 18411 | D:13     | Killed Frances
 18411 | D:13     | Reached skill level 1 in Throwing
 19660 | D:14     | Reached skill level 17 in Unarmed Combat
 19857 | D:14     | Reached XP level 16. HP: 162/162 MP: 22/22
 19874 | D:14     | Found a gate to the Vaults.
 19940 | D:15     | Entered Level 15 of the Dungeon
 20233 | D:15     | Found a stormy altar of Qazlal.
 20435 | D:15     | Found a staircase to the Depths.
 20517 | D:15     | Reached skill level 10 in Invocations
 20539 | D:15     | Reached skill level 5 in Throwing
 21237 | Spider:1 | Entered Level 1 of the Spider Nest
 22817 | Spider:3 | Reached XP level 17. HP: 66/170 MP: 23/23
 23030 | Spider:3 | Reached skill level 10 in Shields
 24072 | Spider:4 | Entered Level 4 of the Spider Nest
 24319 | Spider:4 | Paralysed by a hornet for 2 turns
 24510 | Spider:4 | Reached skill level 18 in Unarmed Combat
 24888 | Spider:4 | HP: 5/172 [poisoned by an emperor scorpion]
 24889 | Spider:4 | HP: 2/172 [poisoned by an emperor scorpion]
 24890 | Spider:4 | Succumbed to an emperor scorpion's poison

Vault maps used:
D:1:      minmay_arrival_split_and_join, st_stairs_6, minmay_misc_feat_tower
D:2:      fedhas_altar_1
D:3:      ashenzari_altar_1
D:4:      kennysheep_little_box, nicolae_overflow_crystal_walls,
          cheibriados_altar_1, first_ration, gammafunk_ghost_cemetery,
          uniq_edmund, uniq_natasha
D:5:      corexii_shack_village, kennysheep_mini
D:6:      serial_shops, nicolae_shop_window_shopping
D:7:      minmay_temple_entry_nine_rooms, serial_shops, shop, shop_fountains,
          uniq_pikel
D:8:      erik_lair_orcish_takeover, enter_ossuary_4, serial_shops,
          nicolae_shop_behind_doors
D:9:      lemuel_crystal_altar, hangedman_ranch, uniq_grum, uniq_psyche
D:10:     orc_0_dummy
D:12:     columned_hall_lemuel
D:13:     onia_ninara_dug_in_and_dangerous, uniq_frances
D:14:     david_vaults_5, serial_glass, glass_columns_b, glass_columns_c
D:15:     hangedman_depths_entry_try_elsewhere_first, serial_bayou_lagoon_a,
          nicolae_qazlal_style_of_elements
Temple:   regret_index_temple_waves
Lair:1:   grunt_forest_large_clearings, grunt_megastairs_1
Lair:2:   elwin_shoals_entry_rocks, nicolae_spider_entry_orb_guardian,
          ldierk_geyser, grunt_forest_large_clearing_hut
Lair:3:   fungi_pond_lemuel, st_stairs_4, uniq_fannar
Lair:4:   gammafunk_lair_enchanted_lake, ice2_lemuel, serial_bayou_shore_b,
          infiniplex_staircase_pool_2, minmay_lair_oklob_chamber, uniq_sonja,
          uniq_josephine, uniq_nessos
Lair:5:   dragon1_lemuel, minmay_slime_entry_jelly_boxes
Lair:6:   wormcave, uniq_urug
Spider:1: nicolae_spider_nook
Spider:3: guppyfry_spider_mini_1
Spider:4: guppyfry_spider_rune
Orc:1:    portal_ice_cave_entry_animals_and_master
Orc:2:    st_orc_congregation, uniq_maurice
Ossuary:  ossuary_zaba_flooded
IceCv:    ice_cave_caverns_02

Skill      XL: |  1  2  3  4  5  6  7  8  9 10 11 12 13 14 15 16 17 |
---------------+----------------------------------------------------+-----
Unarmed Combat | 3 4 5 6 7 9 10 12 13 14 16 17 18 | 18.1
Fighting       | 3 4 5 6 7 8 9 10 11 | 11.6
Shields        | 3 4 5 6 7 8 9 10 | 10.1
Armour         | 1 2 3 5 6 7 8 9 10 11 | 11.2
Invocations    | 1 4 5 7 8 9 10 | 10.6
Throwing       | 3 6 7 |  7.6
Dodging        | |  2.4

Action                   |  1- 3 |  4- 6 |  7- 9 | 10-12 | 13-15 | 16-18 || total
-------------------------+-------+-------+-------+-------+-------+-------++-------
Melee: Unarmed           |   108 |   137 |   273 |   685 |  1341 |   720 ||  3264
Throw: Throwing net      |       |     1 |       |       |     1 |       ||     2
       Tomahawk          |       |       |       |       |     7 |       ||     7
Invok: Disaster Area     |       |       |       |       |     3 |     3 ||     6
       Elemental Force   |       |       |       |       |     1 |     2 ||     3
Evoke: Wand              |       |       |     6 |    25 |    50 |    59 ||   140
       Lamp of fire      |       |       |       |       |     1 |     2 ||     3
       Phantom mirror    |       |       |       |       |     1 |       ||     1
  Use: Scroll            |       |       |    12 |    13 |    12 |     6 ||    43
       Potion            |       |       |       |     2 |     6 |     3 ||    11
 Stab: Held in net/web   |       |     1 |       |       |       |       ||     1
       Petrified         |       |       |       |       |     4 |       ||     4
       Paralysed         |       |       |       |       |     3 |     9 ||    12
       Distracted        |       |       |       |       |       |     1 ||     1
  Eat: Chunk             |    16 |    12 |    27 |    49 |    85 |    30 ||   219
       Ration            |       |       |       |       |       |     4 ||     4
Armor: Robe              |    40 |     2 |       |       |       |       ||    42
       Ice dragon scales |       |    52 |   100 |    19 |    56 |       ||   227
       Acid dragon scale |       |       |       |   127 |   106 |       ||   233
       Skin              |       |       |       |     7 |    26 |       ||    33
       Gold dragon scale |       |       |       |       |    85 |   464 ||   549
Dodge: Dodged            |    21 |    23 |    68 |   151 |   175 |    66 ||   504
       Deflected         |       |       |       |       |    11 |       ||    11
Block: Shield            |    49 |    59 |   131 |   568 |   877 |       ||  1684
       Reflection        |       |       |     5 |    26 |    43 |    24 ||    98
       Large shield      |       |       |       |       |   192 |  1102 ||  1294

Table legend:
 A = Non-vault XP
 B = Vault XP
 C = Vault XP percentage of total XP
 D = Non-vault monster count
 E = Vault monster count
 F = Vault count percentage of total count
 G = Total turns spent on level
                 A         B        C        D         E       F
            +---------+---------+-------+---------+---------+-------
      Total |  150781 |   93572 |  38.3 |     717 |     378 |  34.5
            +---------+---------+-------+---------+---------+-------
        D:1 |      17 |       6 |  26.1 |      10 |       2 |  16.7
        D:2 |      85 |       0 |   0.0 |      21 |       0 |   0.0
        D:3 |     316 |       0 |   0.0 |      31 |       0 |   0.0
        D:4 |     327 |     206 |  38.6 |      12 |       2 |  14.3
        D:5 |     308 |      32 |   9.4 |       7 |      16 |  69.6
        D:6 |     495 |       0 |   0.0 |      11 |       0 |   0.0
        D:7 |    1431 |    1043 |  42.2 |      19 |       4 |  17.4
        D:8 |    1559 |     304 |  16.3 |      38 |       9 |  19.1
        D:9 |     739 |    3018 |  80.3 |       5 |      12 |  70.6
       D:10 |    2884 |       0 |   0.0 |      17 |       0 |   0.0
       D:11 |    7601 |       0 |   0.0 |      39 |       0 |   0.0
       D:12 |    4376 |       0 |   0.0 |      30 |       0 |   0.0
       D:13 |    4777 |    5498 |  53.5 |      14 |       8 |  36.4
       D:14 |   15267 |    2988 |  16.4 |      66 |       6 |   8.3
       D:15 |   20834 |    3133 |  13.1 |      58 |       4 |   6.5
     Lair:1 |    3176 |    4061 |  56.1 |      16 |      33 |  67.3
     Lair:2 |    2250 |    1477 |  39.6 |      12 |       4 |  25.0
     Lair:3 |    5629 |    1786 |  24.1 |      17 |       3 |  15.0
     Lair:4 |    2247 |   11209 |  83.3 |      13 |      28 |  68.3
     Lair:5 |    6184 |    1689 |  21.5 |      30 |      15 |  33.3
     Lair:6 |   16606 |    7595 |  31.4 |      41 |      18 |  30.5
   Spider:1 |   11868 |    5369 |  31.1 |      37 |      13 |  26.0
   Spider:2 |    9811 |       0 |   0.0 |      29 |       0 |   0.0
   Spider:3 |   12749 |    1945 |  13.2 |      29 |       8 |  21.6
   Spider:4 |    9825 |   14007 |  58.8 |      34 |      24 |  41.4
      Orc:1 |    3147 |    2404 |  43.3 |      23 |       8 |  25.8
      Orc:2 |    6273 |   11527 |  64.8 |      58 |      70 |  54.7
    Ossuary |       0 |     804 | 100.0 |       0 |      34 | 100.0
      IceCv |       0 |   13471 | 100.0 |       0 |      57 | 100.0
            +---------+---------+-------+---------+---------+-------
